 Dungeon Crawl Stone Soup version 0.21.1-1-g345015f (webtiles) character file.

34 GenChuck the Conjurer (level 3, -3/24 HPs)
             Began as a Barachi Conjurer on Apr 3, 2018.
             Was an Initiate of Ashenzari.
             Slain by a worm (9 damage)
             ... on level 1 of the Dungeon.
             The game lasted 00:07:49 (1140 turns).

GenChuck the Conjurer (Barachi Conjurer)            Turns: 1140, Time: 00:07:50

Health: -3/24      AC:  2    Str:  9    XL:     3   Next: 31%
Magic:  2/6        EV: 12    Int: 16    God:    Ashenzari [......]
Gold:   17         SH:  0    Dex: 12    Spells: 5/6 levels left

rFire    . . .     SeeInvis .   h - +0 dagger (curse)
rCold    . . .     Gourm    .   (no shield)
rNeg     . . .     Faith    .   a - +0 robe
rPois    .         Spirit   .   (no helmet)
rElec    .         Reflect  .   (no cloak)
rCorr    .         Harm     .   (no gloves)
MR       .....                  (no boots)
Stlth    ++........             (no amulet)
HPRegen  0.08/turn              (no ring)
MPRegen  0.10/turn              (no ring)

@: slow
A: +LOS, swims, slowness 1, strong legs 1
a: Hop, Curse Item, Renounce Religion


You were on level 1 of the Dungeon.
You worshipped Ashenzari.
Ashenzari was noncommittal.
You were hungry.

You visited 1 branch of the dungeon, and saw 2 of its levels.

You collected 17 gold pieces.

Inventory:

Hand Weapons
 f - a +0 club
 h - a cursed +0 dagger (weapon)
 i - a +0 dagger
 k - a +0 dagger
 l - a +0 dagger
Armour
 a - a +0 robe (worn)
Potions
 d - a potion of curing {unknown}
 e - a potion of ambrosia {unknown}
 j - a potion of invisibility {unknown}
Books
 b - a book of Conjurations

   Spells                             Type                      Level
   a - Magic Dart                     Conjuration                  1
   b - Searing Ray                    Conjuration                  2
   c - Dazzling Spray                 Conjuration/Hexes            3
   d - Fulminant Prism                Conjuration/Hexes            4
   e - Force Lance                    Conjuration/Translocation    4
   f - Iskenderun's Mystic Blast      Conjuration                  4
Comestibles
 c - 4 rations
 g - a chunk of flesh


   Skills:
 * Level 2.3 Dodging
 + Level 1.9 Stealth
 + Level 2.2 Spellcasting
 * Level 5.4 Conjurations


You had 5 spell levels left.
You knew the following spells:

 Your Spells              Type           Power        Failure   Level  Hunger
a - Magic Dart            Conj           ###.         2%          1    #......


Dungeon Overview and Level Annotations

Branches:
Dungeon (2/15)

Altars:
Ashenzari


Innate Abilities, Weirdness & Mutations

Shadows flee at your approach. (+LOS)
You can swim through water.
You cover ground slowly.
You can hop short distances.


Message History

The magic dart hits the worm.
The worm is severely wounded.
The worm bites you.
* * * LOW HITPOINT WARNING * * *
Casting: Magic Dart
Confirm with . or Enter, or press ? or * to list all spells.
Aiming: Magic Dart
Press: ? - help, Shift-Dir - straight line, f/p - worm
Aim: a worm (heavily wounded)
The magic dart hits the worm.
The worm is severely wounded.
Casting: Magic Dart
Confirm with . or Enter, or press ? or * to list all spells.
Aiming: Magic Dart
Press: ? - help, Shift-Dir - straight line, f/p - worm
Aim: a worm (severely wounded)
The magic dart hits the worm.
The worm is almost dead.
The worm bites you!
You die...

####### #.....#
#.....# #.....#
######.....#######
.....'.....+...w@#
######.....#.###.#
#...........#
#####.#.##### ####
#.#.# ...# #.#.#
###### ...# #.#.#
#....# ...#
####.#.# #.##.#
...#
#....#.###.##.#


You could see a worm.

Vanquished Creatures
  An adder (D:1)
  An ooze (D:1)
  A dart slug (D:1)
  2 giant cockroaches (D:1)
  3 goblins (D:1)
  2 hobgoblins (D:1)
  3 frilled lizards (D:1)
  5 kobolds (D:1)
  3 rats (D:1)
21 creatures vanquished.

Vanquished Creatures (others)
  5 toadstools (D:1)
5 creatures vanquished.

Grand Total: 26 creatures vanquished

Notes
Turn   | Place    | Note
-------+----------+-------------------------------------------
     0 | D:1      | GenChuck the Barachi Conjurer began the quest for the Orb.
     0 | D:1      | Reached XP level 1. HP: 13/13 MP: 3/3
   287 | D:1      | Reached XP level 2. HP: 19/19 MP: 1/5
   454 | D:1      | Found a shattered altar of Ashenzari.
   461 | D:1      | Became a worshipper of Ashenzari the Shackled
   469 | D:1      | Reached skill level 5 in Conjurations
   901 | D:1      | Reached XP level 3. HP: 24/24 MP: 3/6
  1140 | D:1      | Slain by a worm

Skill      XL: |  1  2 |
---------------+-------+-----
Conjurations   | 5 |  5.4
Dodging        | |  2.3
Stealth        | |  1.9
Spellcasting   | |  2.2

Action                   || total
-------------------------++-------
Melee: Club              ||     4
       Dagger            ||    21
 Cast: Magic Dart        ||    43
  Use: Scroll            ||     2
  Eat: Chunk             ||     1
Armor: Robe              ||     3
Dodge: Dodged            ||    14
